 Dungeon Crawl Stone Soup version 0.29.1-13-g9f3cf754e1 (webtiles) character file.

Game seed: 16477074354230249463

9 hbarley the Trooper (level 2, -1/27 HPs)
             Began as a Hill Orc Fighter on Jan 30, 2023.
             Succumbed to a goblin's poison
             ... on level 1 of the Dungeon.
             The game lasted 00:02:36 (712 turns).

hbarley the Trooper (Hill Orc Fighter)               Turns: 712, Time: 00:02:37

Health: -1/27      AC: 12    Str: 18    XL:     2   Next: 16%
Magic:  2/2        EV:  6    Int:  8    God:
Gold:   10         SH:  4    Dex: 10    Spells: 1/1 levels left

rFire   . . .      SeeInvis .   a - +0 war axe
rCold   . . .      Faith    .   c - +0 buckler
rNeg    . . .      Spirit   .   e - +0 chain mail
rPois   .          Reflect  .   (no helmet)
rElec   .          Harm     .   (no cloak)
rCorr   .          Rampage  .   f - +2 pair of gloves
Will    .....                   (no boots)
Stlth   ..........              (no amulet)
HPRegen 0.09/turn               (no ring)
MPRegen 0.08/turn               (no ring)

@: mighty, lethally poisoned (-1 -> -7)
A: no striking features
a: no special abilities


You were on level 1 of the Dungeon.
You visited 1 branch of the dungeon, and saw 1 of its levels.

You collected 32 gold pieces.
You spent 22 gold pieces at shops.

Inventory:

Hand Weapons
 a - a +0 war axe (weapon)
Armour
 b - a +0 scale mail
 c - a +0 buckler (worn)
 e - a +0 chain mail (worn)
 f - a +2 pair of gloves (worn)
Scrolls
 g - a scroll of identify
 h - a scroll of immolation


   Skills:
 + Level 3.8 Fighting
 + Level 3.1 Axes
 + Level 3.4 Armour
 + Level 3.4 Shields


You had one spell level left.
You didn't know any spells.
Your spell library contained the following spells:

 Spells                   Type           Power      Damage    Failure   Level
 Passage of Golubria      Tloc           0%         N/A       100%        4
 Silence                  Hex/Air        0%         N/A       100%        5
 Lehudib's Crystal Spear  Conj/Erth      0%         10d2      100%        8


Dungeon Overview and Level Annotations

Branches:
Dungeon (1/15)

Altars:

Shops:
D:1 ?


Message History

A goblin is nearby!
You hit the goblin.
The goblin is heavily wounded.
The goblin hits you but does no damage.
You are poisoned.
You hit the goblin.
The goblin is severely wounded.
You feel very sick. The goblin closely misses you.
The goblin barely misses you.
You barely miss the goblin.
The goblin is severely wounded.
You feel sick. The goblin hits you but does no damage.
You are more poisoned.
You closely miss the goblin.
The goblin is severely wounded.
You feel very sick. The goblin hits you but does no damage.
You are lethally poisoned!
You block the goblin's attack.
You slash the goblin!
You kill the goblin!
You feel very sick.
* * * LOW HITPOINT WARNING * * *
You feel very sick.
You see here a +1 dagger of venom.
There is a lethal amount of poison in your body!
There is a lethal amount of poison in your body!
There is a lethal amount of poison in your body!
As you read the scroll of identify, it crumbles to dust.
h - a scroll of immolation
* * * LOW HITPOINT WARNING * * *
You feel very sick.
You feel very mighty all of a sudden.
* * * LOW HITPOINT WARNING * * *
You feel very sick.
There is a lethal amount of poison in your body!
There is a lethal amount of poison in your body!
* * * LOW HITPOINT WARNING * * *
You feel sick.
You die...

###### ###....# #####
#.@....# ....#
#.#.#### .##.########
#)#....# .##...#....#
#.####.#
..###....#.####.# #.#
..####.......#### #.#
........#..#.#######.#
...###.............#.#
...###.###..######.#.#


There were no monsters in sight!

Vanquished Creatures
  3 endoplasms (D:1)
  3 goblins (D:1)
  2 ball pythons (D:1)
8 creatures vanquished.

Notes
Turn   | Place    | Note
-------+----------+-------------------------------------------
     0 | D:1      | hbarley the Hill Orc Fighter began the quest for the Orb.
     0 | D:1      | Reached XP level 1. HP: 19/19 MP: 1/1
   505 | D:1      | Found Adasann's Magic Scroll Shoppe.
   569 | D:1      | Bought a scroll of identify for 22 gold pieces
   602 | D:1      | Reached XP level 2. HP: 27/27 MP: 2/2
   711 | D:1      | HP: 1/27 [poisoned by a goblin]
   712 | D:1      | Succumbed to a goblin's poison

Illustrated notes

Levels and vault maps discovered:
D:1:      dpeg_arrival_brainrot, layout_basic,
          chequers_ecumenical_altar_simple_redux, serial_shops, shop,
          nicolae_lakefront_shop

Skill      XL: |  1 |
---------------+----+-----
Axes           | 3 |  3.1
Fighting       | |  3.8
Armour         | |  3.4
Shields        | |  3.4

Action                   || total
-------------------------++-------
Melee: War axe           ||    21
  Use: Scroll            ||     1
       Potion            ||     1
Armor: Chain mail        ||    10
       Scale mail        ||     1
Dodge: Dodged            ||     4
Block: Buckler           ||     4
